Map: Efflorescence LE

Players

Massa - Winner!

  • Race: Terran Terran
  • League: Platinum
  • Spawn Location: 9:00

qqq - Winner!

  • Race: Zerg Zerg
  • League: Platinum
  • Spawn Location: 6:00

WhiZerg

  • Race: Protoss Protoss
  • League: Diamond
  • Spawn Location: 3:00

Scalarfield

  • Race: Terran Terran
  • Spawn Location: 12:00

VOD

Have the link to the VOD?

Description

Time

  • Played on: Nov. 30, 2020, 3:43 p.m.
  • Length: 21:16
Show
View Real Time Build Order
Export as new Build Order

Massa Terran - Winner!

Build Orders:  

Get SALT Encoding   

  12  0:00  SCV  
  13  0:12  SCV  
  14  0:18  Supply Depot  
  14  0:25  SCV  
  15  0:39  SCV  
  15  0:40  Barracks  
  16  0:48  Refinery  
  16  0:51  SCV  
  17  0:58  Supply Depot  
  17  1:04  SCV  
  18  1:16  SCV  
  19  1:28  SCV  
  19  1:32  Barracks  
  20  1:36  Barracks  
  20  1:42  Barracks Tech Lab  
  20  1:47  Orbital Command  
  20  2:00  Reaper  
  21  2:12  Supply Depot  
  21  2:14  SCV  
  22  2:18  Stimpack  
  22  2:19  Marine  
  22  2:22  Marine  
  24  2:33  Marauder  
  26  2:37  Marine  
  26  2:40  Marine  
  28  2:54  Marauder  
  28  2:55  Marine  
  28  2:58  Marine  
  32  3:07  Supply Depot  
  32  3:10  Supply Depot  
  32  3:13  Marine  
  32  3:16  Marauder, Marine  
  36  3:31  Marine  
  36  3:34  Marine  
  37  3:37  Marauder  
  40  3:48  Marine  
  40  3:52  Marine  
  42  3:58  Marauder, Concussive Shells  
  44  4:06  Marine  
  44  4:09  Marine  
  45  4:14  Command Center  
  46  4:20  Marauder  
  48  4:24  Marine  
  48  5:06  Marauder, Marine  
  48  5:07  Marine  
  31  5:24  Marine x2  
  31  5:28  Marauder, Combat Shield  
  35  5:31  Orbital Command  
  35  5:33  SCV  
  36  5:42  Marine  
  37  5:45  SCV  
  37  5:47  Barracks Tech Lab  
  37  5:49  Marauder  
  40  5:52  Engineering Bay  
  40  5:57  SCV  
  40  5:59  SCV  
  40  6:00  Marine  
  43  6:06  Refinery, Bunker  
  43  6:08  Refinery  
  43  6:09  SCV  
  43  6:11  SCV, Marauder  
  46  6:16  Engineering Bay  
  47  6:19  Barracks Reactor  
  47  6:25  Factory  
  40  6:33  Marauder x2  
  40  6:54  Marauder x2  
  40  7:10  Marine x2  
  40  7:14  Terran Infantry Weapons Level 1  
  40  7:15  Marine x2  
  44  7:20  Refinery, Missile Turret  
  44  7:21  Missile Turret  
  44  7:22  Factory Tech Lab  
  44  7:26  Starport  
  44  7:27  SCV x2  
  44  7:28  Marine x2  
  48  7:33  Marine  
  50  7:39  SCV x2  
  51  7:44  Barracks Reactor  
  51  7:47  Marine x2  
  51  7:50  Siege Tank  
  58  7:51  SCV x2, Marauder  
  58  7:56  Supply Depot  
  60  8:00  Supply Depot  
  60  8:04  Marine, Medivac  
  60  8:05  Marine  
  64  8:07  SCV  
  64  8:08  SCV  
  68  8:12  Marauder  
  68  8:16  Missile Turret  
  68  8:19  SCV  
  69  8:20  SCV  
  69  8:22  Marine  
  69  8:23  Siege Tank  
  69  8:25  Marine x2  
  76  8:33  SCV x2  
  80  8:34  Marauder  
  80  8:39  Marine  
  80  8:40  Marine  
  82  8:42  Starport Reactor  
  82  8:45  SCV  
  82  8:46  SCV  
  84  8:52  Command Center  
  86  8:55  Marauder  
  86  9:05  Supply Depot x2  
  86  9:09  Supply Depot  
  86  9:13  Barracks  
  86  9:26  Medivac x2  
  86  9:27  SCV x2  
  86  9:28  Missile Turret  
  92  9:36  Marauder, Marine x2  
  92  9:37  Marine  
  97  9:39  Siege Tank  
  97  9:43  SCV  
  97  9:44  SCV  
  102  9:56  SCV  
  102  9:57  Terran Infantry Armor Level 1, Marauder  
  102  9:58  Armory  
  105  10:02  Engineering Bay  
  105  10:13  Siege Tank  
  108  10:16  Barracks Tech Lab  
  108  10:17  Marine x4  
  108  10:19  Marauder  
  114  10:24  SCV x2  
  116  10:35  Marine  
  117  10:36  SCV x2  
  117  10:38  Missile Turret  
  117  10:39  Planetary Fortress  
  119  10:46  Missile Turret, Siege Tank  
  119  10:48  SCV, Marauder  
  125  11:03  SCV x2  
  125  11:17  Supply Depot x2  
  125  11:18  Supply Depot  
  125  11:19  Supply Depot x2  
  125  11:20  Supply Depot  
  125  11:22  Supply Depot  
  125  11:34  Marauder, Medivac x2  
  65  12:01  Marauder  
  65  12:02  Marauder, Marine x4  
  65  12:08  Ghost Academy  
  73  12:12  SCV x3  
  73  12:14  Refinery  
  76  12:17  Refinery  
  76  12:20  Marine  
  77  12:23  Marauder x2  
  77  12:26  Command Center  
  81  12:30  SCV x2  
  81  12:31  SCV  
  81  12:34  Siege Tank  
  87  12:37  Command Center  
  87  12:38  Marine  
  87  12:39  Marine x3  
  87  12:42  SCV  
  87  12:43  SCV  
  93  12:44  Marauder x2  
  93  12:47  Medivac  
  99  12:53  Factory  
  99  12:54  Factory  
  99  13:05  SCV x3  
  102  13:06  Marauder, Siege Tank  
  107  13:13  Terran Infantry Armor Level 2, Terran Infantry Weapons Level 2  
  107  13:15  Terran Vehicle And Ship Armor Level 1  
  107  13:17  SCV x3  
  110  13:20  Armory  
  110  13:28  Barracks  
  110  13:29  SCV  
  110  13:30  Barracks  
  110  13:33  Barracks  
  111  13:34  Ghost  
  111  13:35  Ghost  
  111  13:36  Marine x2  
  111  13:37  Marine x2  
  111  13:40  Factory Tech Lab  
  119  13:42  Factory Tech Lab  
  119  13:45  Siege Tank  
  122  13:49  SCV  
  122  13:51  Planetary Fortress  
  122  13:54  Marine  
  124  13:57  Missile Turret  
  124  13:59  Planetary Fortress  
  124  14:03  Ghost x2  
  124  14:07  Smart Servos  
  124  14:09  Drilling Claws  
  128  14:10  Marine x2  
  128  14:11  Marine  
  128  14:12  Marine  
  128  14:14  Siege Tank  
  135  14:17  Medivac  
  135  14:19  Medivac  
  135  14:24  SCV x3  
  142  14:28  Marine  
  143  14:32  Marauder  
  143  14:33  Marauder  
  143  14:38  Marine x3  
  148  14:39  Siege Tank  
  148  14:40  Siege Tank  
  148  14:44  Barracks Reactor, Barracks Tech Lab x2  
  156  14:47  Medivac  
  158  14:54  Marauder x2  
  162  15:09  Enhanced Shockwaves  
  162  15:15  Marauder x2  
  166  15:48  Marauder  
  166  15:49  Marauder x3, Marine  
  170  15:50  Marine x5  
  174  16:07  Marine, Missile Turret  
  174  16:08  Marine x5  
  174  16:10  Marauder x4  
  184  16:11  Missile Turret  
  183  16:25  Marine x3  
  184  16:28  Personal Cloaking  
  184  16:31  Marauder  
  184  16:32  Marauder  
  190  16:33  SCV x4  
  194  16:44  Command Center  
  194  16:45  SCV x2  
  196  16:56  Supply Depot  
  196  16:57  Supply Depot x3  
  196  16:59  Refinery  
  196  17:02  Supply Depot x2  
  196  17:03  Supply Depot  
  196  17:18  SCV  
  197  17:25  Missile Turret  
  197  17:28  Missile Turret  
  197  17:30  Missile Turret  
  196  18:03  Terran Vehicle And Ship Armor Level 2  
  196  18:04  Terran Vehicle Weapons Level 1  
  196  18:05  Terran Infantry Weapons Level 3, Terran Infantry Armor Level 3  
  195  18:13  Missile Turret  
  195  18:15  Missile Turret  
  158  18:55  Marauder  
  166  18:56  Marauder x3, Marine x3  
  166  19:01  Planetary Fortress  
  169  19:16  Marauder  
  177  19:17  Marauder x3, Missile Turret  
  177  19:18  Missile Turret x3  
  177  19:35  Marine  
  177  19:36  Marine x5  
  177  19:38  Marauder x4  
  191  19:40  Missile Turret  
  191  19:53  Marine  
  191  19:54  Marine x4  
  191  19:58  Medivac x2  
  198  20:33  Missile Turret  
  198  20:34  SCV x2, Missile Turret x2  
  200  20:42  Command Center  
  200  20:46  Refinery  
Show
View Real Time Build Order
Export as new Build Order

qqq Zerg - Winner!

Build Orders: Hatch First, Brood Lord Corruptor 

Get SALT Encoding   

  12  0:00  Drone  
  13  0:11  Drone  
  14  0:20  Overlord  
  14  0:48  Hatchery  
  14  0:49  Extractor  
  12  0:55  Drone  
  14  0:57  Drone  
  14  1:03  Drone  
  15  1:10  Drone  
  16  1:25  Drone  
  17  1:31  Spawning Pool  
  16  1:35  Drone  
  17  1:51  Drone x2  
  19  2:01  Drone  
  20  2:19  Metabolic Boost  
  20  2:23  Queen  
  20  2:24  Queen  
  20  2:27  Drone  
  25  2:33  Overlord  
  25  2:38  Drone  
  26  2:46  Zergling x2  
  26  2:47  Overlord  
  26  2:50  Drone  
  28  2:56  Zergling x2  
  29  3:07  Extractor  
  29  3:09  Zergling x4  
  29  3:11  Drone x2  
  32  3:13  Zergling x2  
  32  3:19  Zergling x2  
  34  3:24  Lair  
  34  3:26  Zergling x2  
  35  3:30  Zergling x2  
  36  3:38  Zergling x2  
  36  3:41  Zergling x2  
  38  3:49  Zergling x6  
  41  3:56  Zergling x6  
  41  4:02  Spore Crawler  
  43  4:03  Spore Crawler  
  43  4:05  Overlord  
  43  4:06  Overlord  
  42  4:15  Overlord  
  41  4:42  Overlord x2  
  41  4:45  Drone, Spire  
  41  4:46  Drone x3  
  43  5:09  Zergling x4  
  43  5:10  Zergling x2  
  40  5:35  Drone x2  
  35  5:37  Drone x4  
  38  5:50  Spine Crawler x2  
  38  5:55  Drone  
  38  5:56  Drone, Spine Crawler  
  37  5:57  Mutalisk x2  
  37  6:01  Hatchery  
  37  6:03  Extractor  
  39  6:07  Mutalisk  
  39  6:09  Mutalisk  
  39  6:10  Drone  
  44  6:13  Extractor  
  44  6:15  Extractor  
  43  6:18  Drone x2  
  43  6:19  Drone  
  44  6:38  Overlord  
  44  6:39  Zergling x6  
  45  6:40  Zergling x10  
  50  7:07  Mutalisk x3  
  56  7:09  Drone x4  
  56  7:13  Drone  
  56  7:14  Drone  
  62  7:21  Drone  
  62  7:22  Drone x2  
  64  7:43  Mutalisk x2  
  67  7:44  Corruptor  
  67  7:45  Corruptor  
  71  7:52  Drone  
  71  7:53  Drone x3  
  75  7:59  Spine Crawler  
  74  8:06  Drone  
  75  8:40  Mutalisk x6  
  87  8:42  Drone x2  
  87  8:44  Overlord x3  
  89  8:51  Infestation Pit  
  89  8:53  Overseer  
  88  9:18  Mutalisk x3  
  88  9:23  Drone x3  
  97  9:34  Hatchery  
  96  9:43  Hatchery, Mutalisk x2  
  96  9:44  Zergling x8  
  96  9:45  Drone, Zergling x6  
  106  9:46  Drone  
  108  9:55  Hive  
  96  10:28  Mutalisk x2  
  96  10:29  Mutalisk x2  
  96  10:30  Drone  
  96  10:31  Drone x2  
  96  10:35  Extractor x2  
  104  10:36  Queen  
  104  10:37  Spine Crawler  
  104  10:42  Overlord x2  
  104  10:43  Overlord x4  
  104  10:44  Drone  
  105  10:54  Drone x2  
  107  11:12  Queen  
  109  11:30  Mutalisk x4  
  109  11:31  Corruptor x4  
  106  11:43  Greater Spire  
  84  12:17  Mutalisk x2  
  84  12:18  Corruptor x4  
  84  12:20  Drone x8  
  84  12:21  Drone  
  105  12:32  Drone, Spine Crawler  
  105  12:35  Spine Crawler  
  104  12:37  Queen  
  104  12:38  Corruptor x2  
  104  12:40  Zergling x6  
  113  12:47  Drone x5  
  118  12:57  Brood Lord x2  
  122  13:00  Brood Lord  
  122  13:03  Zerg Flyer Weapons Level 1  
  123  13:13  Spine Crawler  
  123  13:14  Spine Crawler  
  121  13:26  Brood Lord x2  
  125  13:28  Brood Lord  
  125  13:29  Drone x4  
  125  13:30  Drone x3  
  134  13:34  Spine Crawler  
  134  13:36  Drone  
  134  13:37  Spine Crawler  
  133  13:50  Drone x4  
  133  13:52  Corruptor  
  133  13:55  Brood Lord x2  
  143  13:57  Zergling x6  
  143  13:58  Zergling x2  
  143  14:00  Pneumatized Carapace  
  147  14:03  Overseer  
  147  14:19  Brood Lord  
  147  14:20  Brood Lord  
  147  14:22  Zergling x10  
  147  14:23  Drone x6  
  147  14:24  Drone  
  163  14:26  Extractor  
  163  14:27  Extractor  
  163  14:28  Drone  
  163  14:30  Extractor x2  
  160  14:39  Brood Lord x2  
  160  14:43  Zergling x2  
  165  14:57  Zerg Flyer Armor Level 1  
  164  15:09  Overlord x5  
  164  15:10  Overlord  
  132  15:29  Corruptor x2  
  128  16:01  Corruptor x5  
  128  16:02  Corruptor  
  128  16:03  Drone x6  
  128  16:04  Drone x3  
  149  16:12  Ultralisk Cavern  
  149  16:14  Evolution Chamber  
  149  16:16  Evolution Chamber  
  144  16:19  Zergling x4  
  129  16:33  Corruptor x2  
  129  16:35  Drone x4  
  129  16:36  Drone x2  
  129  16:38  Spine Crawler  
  134  16:40  Spine Crawler  
  134  16:41  Spine Crawler  
  134  16:42  Spine Crawler  
  115  16:54  Brood Lord x3  
  115  16:55  Corruptor  
  115  16:56  Zergling x2  
  115  16:57  Zergling x8  
  126  17:11  Brood Lord  
  126  17:13  Corruptor  
  126  17:14  Drone x3  
  126  17:15  Drone x6  
  139  17:16  Zergling x2  
  140  17:27  Drone x3  
  143  17:42  Spine Crawler  
  142  17:44  Spine Crawler  
  142  17:45  Spine Crawler, Spore Crawler  
  142  17:46  Spine Crawler  
  142  17:47  Spore Crawler  
  137  17:53  Brood Lord x4  
  137  17:54  Brood Lord  
  137  17:55  Spore Crawler  
  137  17:56  Zergling x14  
  137  17:57  Drone x2, Zergling x2  
  137  17:58  Drone x2  
  158  18:05  Spore Crawler  
  157  18:25  Spine Crawler  
  155  18:28  Spine Crawler  
  155  18:29  Spine Crawler  
  149  18:38  Corruptor x3  
  149  18:40  Anabolic Synthesis  
  155  18:42  Zerg Flyer Weapons Level 2  
  155  18:44  Zerg Melee Weapons Level 1  
  146  19:11  Mutalisk x3  
  146  19:12  Corruptor x2  
  146  19:13  Corruptor  
  156  19:23  Chitinous Plating  
  149  19:31  Mutalisk x2, Corruptor  
  149  19:32  Corruptor x3  
  161  19:42  Drone x2  
  161  19:44  Spine Crawler  
  162  19:54  Spore Crawler  
  162  19:59  Hatchery  
  160  20:01  Spore Crawler  
  160  20:02  Hatchery, Spore Crawler  
  160  20:03  Spore Crawler  
  160  20:04  Overseer  
  155  20:15  Overseer x2  
  155  20:20  Spine Crawler, Spore Crawler  
  153  20:24  Spine Crawler  
  148  20:36  Spine Crawler  
  148  20:37  Spine Crawler  
  148  20:42  Drone x2  
  145  20:43  Drone  
Show
View Real Time Build Order
Export as new Build Order

WhiZerg Protoss 

Build Orders: Oracle Opening 

Get SALT Encoding   

  12  0:00  Probe  
  13  0:12  Probe  
  14  0:18  Pylon  
  14  0:25  Probe  
  15  0:37  Probe (Chrono Boost)  
  15  0:40  Gateway  
  16  0:46  Probe (Chrono Boost)  
  16  0:49  Assimilator  
  17  0:53  Probe  
  18  1:05  Probe (Chrono Boost)  
  18  1:09  Assimilator  
  19  1:13  Gateway  
  19  1:23  Probe (Chrono Boost)  
  20  1:31  Cybernetics Core  
  20  1:34  Probe  
  21  1:42  Pylon  
  21  1:50  Probe  
  22  2:06  Probe, Warp Gate (Chrono Boost)  
  23  2:09  Adept  
  23  2:10  Adept  
  27  2:24  Probe  
  28  2:37  Nexus  
  28  2:45  Pylon  
  28  2:51  Sentry  
  30  2:57  Stargate  
  30  3:06  Probe  
  30  3:09  Sentry  
  33  3:18  Probe  
  33  3:19  Shield Battery  
  34  3:30  Probe  
  35  3:42  Probe  
  35  3:47  Oracle  
  39  3:50  Stalker  
  39  3:54  Probe  
  42  4:01  Shield Battery  
  42  4:05  Stalker  
  42  4:06  Probe  
  45  4:15  Shield Battery  
  43  4:17  Pylon  
  43  4:18  Probe  
  43  4:21  Shield Battery, Sentry  
  44  4:36  Pylon  
  44  4:38  Stalker  
  46  4:43  Gateway  
  46  4:53  Stalker  
  48  5:02  Stalker  
  38  5:15  Probe  
  38  5:18  Gateway  
  38  5:20  Probe, Gateway, Assimilator  
  40  5:28  Stalker  
  42  5:39  Probe  
  42  5:42  Assimilator  
  43  5:53  Probe (Chrono Boost)  
  44  5:59  Twilight Council  
  44  6:03  Probe (Chrono Boost)  
  46  6:04  Probe (Chrono Boost)  
  46  6:11  Probe (Chrono Boost), Zealot  
  47  6:12  Probe (Chrono Boost)  
  50  6:24  Probe (Chrono Boost)  
  51  6:45  Stalker x4  
  53  6:55  Probe (Chrono Boost)  
  53  6:59  Pylon  
  54  7:05  Probe (Chrono Boost)  
  54  7:06  Blink (Chrono Boost)  
  53  7:10  Probe (Chrono Boost)  
  54  7:16  Probe  
  54  7:19  Shield Battery  
  55  7:23  Stalker x2  
  55  7:40  Probe (Chrono Boost)  
  57  7:45  Forge  
  57  7:49  Probe (Chrono Boost)  
  58  7:52  Probe (Chrono Boost)  
  58  7:56  Probe (Chrono Boost)  
  59  7:59  Probe  
  60  8:07  Probe  
  60  8:09  Templar Archives  
  60  8:11  Probe, Pylon  
  58  8:32  Nexus  
  58  8:33  Pylon  
  58  8:37  Probe (Chrono Boost)  
  58  8:38  Probe (Chrono Boost)  
  58  8:40  Protoss Ground Weapons Level 1 (Chrono Boost)  
  59  8:49  Probe (Chrono Boost)  
  61  8:56  Probe (Chrono Boost)  
  61  8:58  Photon Cannon  
  61  8:59  Probe (Chrono Boost)  
  61  9:02  Probe (Chrono Boost)  
  57  9:19  Probe x2  
  57  9:21  Psionic Storm  
  57  9:22  Pylon  
  57  9:24  High Templar x4  
  67  9:28  Archon x2  
  67  9:31  Probe  
  68  9:33  Pylon  
  65  9:45  Probe (Chrono Boost)  
  68  9:50  Probe x2 (Chrono Boost)  
  68  9:54  Probe (Chrono Boost)  
  68  9:57  Probe (Chrono Boost)  
  68  9:58  Photon Cannon  
  68  9:59  Probe  
  71  10:03  Shield Battery  
  71  10:04  Probe  
  71  10:05  High Templar x2  
  76  10:20  Archon  
  67  10:30  High Templar x2  
  67  10:32  Probe (Chrono Boost)  
  67  10:34  Pylon  
  67  10:35  Charge (Chrono Boost)  
  74  10:37  Probe (Chrono Boost)  
  74  10:38  Probe (Chrono Boost)  
  74  10:41  Probe (Chrono Boost), High Templar x2  
  79  10:45  Probe (Chrono Boost)  
  79  10:46  Probe (Chrono Boost)  
  81  10:55  Probe (Chrono Boost)  
  81  10:56  Nexus  
  83  10:58  Probe (Chrono Boost)  
  83  10:59  Pylon  
  83  11:00  Photon Cannon  
  83  11:02  Probe (Chrono Boost)  
  85  11:06  Probe (Chrono Boost)  
  85  11:11  Shield Battery  
  85  11:12  Probe  
  85  11:14  Shield Battery  
  86  11:28  Probe, Zealot x3  
  86  11:29  Zealot  
  88  11:38  Archon  
  70  11:41  Probe  
  70  11:44  Pylon  
  61  11:52  Stalker x4  
  65  11:54  Probe  
  63  12:03  Protoss Ground Weapons Level 2 (Chrono Boost)  
  63  12:04  Probe x2 (Chrono Boost)  
  63  12:06  Forge  
  65  12:09  Probe (Chrono Boost)  
  65  12:13  Gateway  
  65  12:14  Gateway  
  67  12:16  Probe (Chrono Boost)  
  67  12:17  Gateway  
  67  12:19  Probe (Chrono Boost), Assimilator  
  67  12:20  Assimilator  
  69  12:23  Probe (Chrono Boost), High Templar x2  
  69  12:26  High Templar x2  
  69  12:29  Probe  
  78  12:32  Probe  
  78  12:35  Probe  
  80  12:41  Probe  
  80  12:43  Protoss Ground Armor Level 1 (Chrono Boost)  
  81  12:44  Dark Shrine  
  81  12:45  Probe  
  81  12:48  Probe  
  83  12:51  Pylon  
  83  12:53  Gateway  
  83  12:55  Gateway  
  83  12:56  Zealot x2  
  83  12:57  Pylon  
  87  13:07  Zealot  
  87  13:12  Probe (Chrono Boost)  
  91  13:15  Probe (Chrono Boost)  
  91  13:17  Robotics Facility  
  91  13:19  Probe (Chrono Boost)  
  88  13:21  Probe (Chrono Boost)  
  88  13:22  Probe (Chrono Boost)  
  88  13:25  Probe (Chrono Boost)  
  88  13:26  Probe (Chrono Boost)  
  91  13:28  Probe, Shield Battery  
  91  13:31  Photon Cannon  
  91  13:33  Assimilator  
  92  13:35  Probe  
  92  13:38  Assimilator  
  92  13:40  Zealot x3  
  99  13:44  Probe  
  100  13:49  Probe  
  100  13:52  Probe  
  100  13:53  Pylon  
  100  13:54  Pylon  
  102  13:56  High Templar x6  
  102  14:01  Archon x2  
  114  14:04  Pylon  
  110  14:11  Stargate  
  110  14:12  Stargate  
  108  14:24  Pylon  
  108  14:26  Dark Templar x2  
  112  14:34  Dark Templar  
  112  14:37  Probe x2  
  116  14:50  Gateway  
  116  14:52  Zealot x3  
  116  14:53  Zealot x3  
  116  14:54  Gateway  
  116  14:56  Warp Prism  
  116  14:57  Gateway x2  
  128  15:04  Fleet Beacon  
  128  15:05  Probe x2  
  126  15:11  Zealot x3  
  127  15:19  Pylon  
  120  15:22  Pylon  
  98  15:35  Nexus  
  93  15:37  Pylon, Dark Templar x3  
  93  15:38  Dark Templar  
  97  15:57  Zealot x4  
  101  16:22  Stalker x7  
  101  16:23  Stalker  
  90  16:45  Archon  
  84  16:51  Probe (Chrono Boost)  
  84  16:52  Dark Templar x2  
  84  16:53  Dark Templar x2  
  88  16:55  Zealot x2  
  88  17:00  Probe (Chrono Boost)  
  93  17:05  Probe (Chrono Boost)  
  87  17:09  Void Ray  
  87  17:10  Void Ray  
  77  17:22  Assimilator  
  80  17:28  Assimilator  
  78  17:42  Dark Templar x3  
  78  17:43  Probe, Dark Templar  
  85  17:55  Probe  
  86  18:00  Gateway x2  
  86  18:04  Warp Prism  
  88  18:08  Probe  
  83  18:23  Void Ray  
  83  18:24  Void Ray  
  83  18:26  High Templar x3  
  83  18:27  High Templar  
  97  18:43  Gateway  
  97  18:45  Gateway  
  97  18:47  Gateway  
  97  19:01  Dark Templar x3  
  103  19:03  Zealot x3  
  103  19:29  Dark Templar  
  103  19:30  Zealot x2  
  95  19:41  Zealot x4  
  95  19:42  Zealot  
  95  19:43  Void Ray x2  
  109  20:05  Dark Templar x2  
  109  20:06  Zealot x7  
  123  20:26  Zealot x4  
  123  20:27  Zealot x3  
Show
View Real Time Build Order
Export as new Build Order

Scalarfield Terran 

Build Orders: Reaper Expand 

Get SALT Encoding   

  12  0:02  SCV  
  13  0:14  SCV  
  14  0:19  Supply Depot  
  14  0:26  SCV  
  15  0:40  SCV  
  15  0:41  Barracks  
  16  0:45  Refinery  
  16  0:52  SCV  
  17  1:04  SCV  
  18  1:17  SCV  
  19  1:30  Reaper  
  19  1:31  Orbital Command  
  20  1:43  Command Center  
  20  1:58  Refinery  
  20  2:01  SCV  
  21  2:02  Supply Depot  
  20  2:28  SCV  
  21  2:40  SCV  
  21  2:43  Factory  
  21  2:46  Barracks Reactor  
  20  3:07  SCV  
  21  3:13  Orbital Command  
  21  3:19  SCV  
  22  3:30  Starport  
  22  3:32  SCV  
  23  3:37  Hellion x2  
  23  3:39  Bunker  
  23  3:40  Marine  
  28  3:44  SCV x2  
  30  3:56  SCV x2  
  30  3:58  Hellion x2  
  36  4:11  Marine  
  36  4:16  Liberator  
  40  4:19  SCV  
  40  4:20  Hellion  
  43  4:28  Orbital Command  
  43  4:29  Marine  
  37  4:44  Hellion x2  
  41  4:47  Marine  
  41  4:50  SCV  
  43  4:53  SCV  
  44  5:02  SCV  
  44  5:05  Marine  
  46  5:23  Supply Depot  
  46  5:25  Supply Depot  
  46  5:42  Orbital Command  
  46  5:45  Hellion x2  
  46  5:48  Marine  
  46  5:49  Liberator  
  54  5:53  Supply Depot  
  54  6:06  Hellion x2  
  54  6:10  SCV x2  
  60  6:12  Refinery  
  60  6:21  Factory  
  60  6:22  SCV x2  
  60  6:24  Factory, Supply Depot  
  62  6:28  Hellion x2  
  56  6:41  Liberator  
  51  7:13  Factory Tech Lab  
  51  7:19  Factory Tech Lab, Engineering Bay  
  51  7:20  SCV x2, Armory  
  53  7:23  Liberator  
  53  7:24  Armory  
  56  7:32  SCV x2  
  61  7:44  SCV  
  61  7:45  SCV  
  61  7:51  Hellion x2  
  61  7:56  Cyclone  
  67  7:58  Cyclone  
  67  8:00  SCV x2  
  67  8:05  Refinery  
  69  8:12  SCV, Missile Turret  
  70  8:15  Terran Vehicle Weapons Level 1  
  70  8:16  Terran Vehicle And Ship Armor Level 1  
  70  8:23  Missile Turret  
  70  8:26  SCV x2  
  72  8:32  Missile Turret  
  72  8:34  Missile Turret  
  72  8:35  Command Center  
  72  8:37  Missile Turret  
  72  8:38  SCV x2  
  72  8:39  Mag-Field Accelerator  
  74  8:44  Missile Turret  
  74  8:50  SCV x2  
  74  8:53  Missile Turret  
  76  8:57  Missile Turret  
  76  9:02  SCV  
  77  9:04  SCV  
  78  9:29  Supply Depot  
  78  9:30  Supply Depot  
  78  9:31  SCV x2, Thor, Supply Depot  
  86  9:32  Hellion, Thor  
  94  9:39  Starport Tech Lab  
  94  9:47  SCV x2  
  94  9:48  SCV  
  97  9:59  SCV  
  98  10:04  Command Center  
  98  10:11  SCV  
  98  10:12  SCV x2, Factory  
  101  10:15  Fusion Core  
  101  10:24  SCV x3  
  101  10:27  Refinery  
  104  10:36  SCV x2  
  106  10:48  SCV x2  
  108  10:50  Terran Vehicle Weapons Level 2  
  108  10:51  Terran Vehicle And Ship Armor Level 2  
  108  10:58  Factory Tech Lab  
  108  11:00  SCV x2  
  110  11:14  Cyclone x2  
  110  11:16  Hellion x2  
  120  11:22  Orbital Command  
  120  11:24  SCV x2  
  120  11:37  Hellion  
  112  11:46  Cyclone x2  
  86  12:01  SCV  
  86  12:02  SCV x2  
  86  12:06  Thor  
  86  12:07  Viking  
  92  12:08  Planetary Fortress  
  92  12:14  SCV x2  
  94  12:15  SCV  
  94  12:18  Thor x2  
  94  12:20  Hellion x2  
  110  12:23  Infernal Pre-Igniter  
  110  12:26  SCV x2  
  112  12:34  SCV  
  113  12:37  Viking  
  113  12:38  SCV x2  
  117  12:49  Cyclone  
  120  12:52  Refinery  
  120  12:54  SCV x4  
  124  13:01  Cyclone x2  
  124  13:02  Hellion x2  
  124  13:04  Command Center  
  134  13:07  SCV x2  
  134  13:10  SCV  
  131  13:21  SCV x3, Siege Tank  
  131  13:22  SCV  
  138  13:33  SCV, Battlecruiser, Siege Tank  
  138  13:34  Weapon Refit  
  148  13:36  Terran Vehicle Weapons Level 3  
  148  13:37  Terran Vehicle And Ship Armor Level 3  
  148  13:42  Supply Depot  
  148  13:46  Supply Depot  
  148  13:48  Supply Depot  
  148  13:55  Missile Turret  
  148  13:59  Missile Turret  
  148  14:04  SCV x4  
  152  14:10  Cyclone x2  
  152  14:11  Supply Depot x2  
  152  14:16  SCV, Missile Turret  
  159  14:18  Planetary Fortress  
  159  14:21  SCV x2  
  159  14:22  Refinery, SCV, Missile Turret  
  162  14:28  SCV  
  163  14:33  SCV x2  
  165  14:44  Supply Depot  
  165  14:47  SCV x3  
  165  14:48  SCV  
  165  14:52  Supply Depot  
  169  14:57  SCV  
  169  14:59  SCV  
  171  15:03  Refinery  
  168  15:15  Supply Depot  
  160  15:34  Thor x2  
  160  15:35  Thor  
  166  15:36  Viking  
  166  15:37  Supply Depot  
  139  16:01  Supply Depot  
  130  16:06  Viking  
  130  16:07  Factory  
  130  16:08  SCV x5  
  130  16:09  Factory x2  
  137  16:14  Terran Ship Weapons Level 1  
  137  16:17  Thor x3  
  137  16:18  Hi-Sec Auto Tracking  
  155  16:20  SCV x5  
  155  16:24  Supply Depot  
  160  16:41  Sensor Tower  
  160  16:48  Smart Servos  
  160  17:00  Factory Tech Lab x2, Thor x3  
  178  17:06  Factory Tech Lab  
  178  17:12  Command Center  
  178  17:14  Sensor Tower, Command Center  
  177  17:26  Thor x2  
  189  17:33  Command Center  
  189  17:35  Command Center  
  189  17:39  Sensor Tower  
  189  17:41  Command Center  
  189  17:43  Thor  
  195  17:48  Starport  
  195  17:54  Starport x2  
  194  18:19  Terran Ship Weapons Level 2  
  116  18:43  Thor x4  
  121  19:02  Thor  
  123  19:06  Orbital Command  
  123  19:07  Orbital Command  
  120  19:14  Starport Tech Lab  
  120  19:15  Starport Tech Lab x2  
  118  19:26  Hellion  
  118  19:27  Hellion x3  
  115  19:45  Hellion  
  115  19:48  Hellion x4  
  123  19:53  Viking x4  
  133  20:09  Hellion x3  
  133  20:23  Viking x2  
  128  20:31  Hellion x2  
Tags
 
Add a new tag
Caveats
  • Supply blocks, unpowered buildings, or Contaminate may cause inaccurate times.
  • Supply counts are checked every 10 seconds.